AoeStats
← temppu

Four Lakes

509578082Analyzed
1v1 RM · 6d ago on Sep 27, 2026· 23m 54s· 2 players
Game mode
Random Map
Map size
Tiny (2 player)
Population
200
Speed
Normal
Resources
Standard
Victory
Conquest
Starting age
Dark Age
Ending age
Imperial Age
RankedLock teamsTeams togetherTeam positionsShared explorationLock speedFull tech treeHidden civsTurbo modeCheats
Victory
Defeat
🇧🇷 Franks · Brazil
671
+16
🇫🇮 Georgians · Finland
661
-16
temppu
5:54 Loom
12:30 Feudal Age
13:02 Double-Bit Axe
13:00 Horse Collar
15:13 Stone Mining
18:05 Town Watch
21:34 Scale Mail Armor
21:25 Fletching
dompedro88
11:41 Feudal Age
10:41 Loom
16:21 Castle Age
14:51 Double-Bit Axe
15:12 Gold Mining
16:59 Wheelbarrow
16:09 Town Watch
16:37 Town Watch
Connection lost

Rejoining the realm…

Still unreachable

The connection could not be restored.

Session expired

The server has moved on; the page needs a fresh start.